 Dungeon Crawl Stone Soup version 0.22-a0-750-ga7dcef7 (webtiles) character file.

137 Amnesiac the Digger (level 5, 32/35 HPs)
             Began as a Demonspawn Earth Elementalist on July 16, 2018.
             Quit the game on level 4 of the Dungeon.
             The game lasted 00:06:02 (1344 turns).

Amnesiac the Digger (Demonspawn Earth Elementalist) Turns: 1344, Time: 00:06:03

Health: 32/35      AC:  5    Str:  9    XL:     5   Next: 0%
Magic:  1/9        EV: 12    Int: 17    God:
Gold:   58         SH:  2    Dex: 13    Spells: 4/10 levels left

rFire    . . .     SeeInvis .   e - +0 short sword
rCold    . . .     Gourm    .   (no shield)
rNeg     . . .     Faith    .   c - +0 robe
rPois    .         Spirit   +   m - +0 helmet
rElec    .         Reflect  +   (no cloak)
rCorr    .         Harm     .   (no gloves)
MR       .....                  (no boots)
Stlth    ++........             a - +2 amulet of reflection
HPRegen  0.11/turn              (no ring)
MPRegen  0.11/turn              (no ring)

@: very slightly contaminated
A: talons 1, molten scales 1, spiny 1, magic shield
a: no special abilities


You were on level 4 of the Dungeon.
You were not hungry.

You visited 1 branch of the dungeon, and saw 4 of its levels.

You collected 58 gold pieces.

Inventory:

Hand Weapons
 e - a +0 short sword (weapon)
Missiles
 b - 64 stones (quivered)
Armour
 c - a +0 robe (worn)
 m - a +0 helmet (worn)
Jewellery
 a - a +2 amulet of reflection (around neck)
 h - a cursed amulet of inaccuracy {unknown}
Wands
 l - a wand of flame (25)
Scrolls
 f - a scroll of identify {!r, unknown}
 g - a scroll of teleportation {!r, unknown}
 i - a scroll of noise {!r, unknown}
 j - a scroll of remove curse {!r, unknown}
 k - a scroll of blinking {!r, unknown}
Comestibles
 d - 2 rations


   Skills:
 - Level 1.7 Dodging
 - Level 1.7 Stealth
 + Level 3.1 Spellcasting
 - Level 0.8 Transmutations
 * Level 4.5 Earth Magic


You had 4 spell levels left.
You knew the following spells:

 Your Spells              Type           Power        Failure   Level  Hunger
a - Sandblast             Erth           ###...       2%          1    None
b - Passwall              Tmut/Erth      ##......     9%          2    ##.....
c - Stone Arrow           Conj/Erth      ##....       21%         3    ###....

Your spell library contained the following spells:

 Spells                   Type           Power        Failure   Level  Hunger
 Lee's Rapid Deconstruct  Erth           ###.......   58%         5    ######.
 Petrify                  Tmut/Erth      ##......     50%         4    ####...


Dungeon Overview and Level Annotations

Branches:
Dungeon (4/15)
 Temple: D:4-7

Altars:
Vehumet

Shops:
D:4 [


Innate Abilities, Weirdness & Mutations

You have sharp toenails.
You are partially covered in molten scales. (AC +2)
You are partially covered in sharp spines.
When hurt, damage is shared between your health and your magic reserves.


Message History

The blast of sand hits the ogre.
The ogre is severely wounded.
b - 66 stones Unknown command.
Casting: Sandblast (safe; 4% risk of failure)
Confirm with . or Enter, or press ? or * to list all spells.
Aiming: Sandblast (safe; 4% risk of failure)
Press: ? - help, Shift-Dir - straight line, f/p - ogre
Aim: an ogre, wielding a giant club (severely wounded)
You miscast Sandblast.
You are very lightly contaminated with residual magic.
Nothing appears to happen.
Unknown command.
Casting: Sandblast (safe; 4% risk of failure)
Confirm with . or Enter, or press ? or * to list all spells.
Aiming: Sandblast (safe; 4% risk of failure)
Press: ? - help, Shift-Dir - straight line, f/p - ogre
Aim: an ogre, wielding a giant club (severely wounded)
The blast of sand hits the ogre.
You kill the ogre!
Your Spellcasting skill increases to level 3!
Your Earth Magic skill increases to level 4!
You have reached level 4!
You feel stronger.
Your demonic ancestry asserts itself...
You feel your magical essence form a protective shroud around your flesh.
b - 65 stones
Casting: Sandblast (safe; 2% risk of failure)
Confirm with . or Enter, or press ? or * to list all spells.
Aiming: Sandblast (safe; 2% risk of failure)
Press: ? - help, Shift-Dir - straight line, f - adder
Aim: an adder The blast of sand misses the adder.
b - 64 stones The adder is struck by your spines.
The adder misses you.
Casting: Sandblast (safe; 2% risk of failure)
Confirm with . or Enter, or press ? or * to list all spells.
You don't have enough magic to cast that spell.
Casting: Sandblast (safe; 2% risk of failure)
Confirm with . or Enter, or press ? or * to list all spells.
You don't have enough magic to cast that spell.
Casting: Sandblast (safe; 2% risk of failure)
Confirm with . or Enter, or press ? or * to list all spells.
You don't have enough magic to cast that spell.
You miss the adder.
The adder is lightly wounded.
The adder is struck by your spines. The adder barely misses you.
You hit the adder.
The adder is heavily wounded.
The adder bites you. The adder is struck by your spines.
The adder closely misses you.
You closely miss the adder.
The adder is severely wounded.
The adder is struck by your spines. The adder barely misses you.
You closely miss the adder.
The adder is almost dead.
You block the adder's attack. The adder is struck by your spines.
You kill the adder!
You have reached level 5!
Your demonic ancestry asserts itself...
Your toenails lengthen and sharpen.
Are you sure you want to abandon this character and quit the game? (Confirm with "yes".)
Okay, then.
Unknown command.
Are you sure you want to abandon this character and quit the game? (Confirm with "yes".)

#######+###....#..## ..
#..............#..## ...
#..............#....
....#..............#....
..#..............#....
.'...)..........#....
#.≈≈≈..........#..##
#####≈≈≈≈≈.........#..##
.....≈≈@...####....'...#
.....≈≈≈≈≈....#....#...#
......≈≈≈#....#....#...#
.........#....#....#...#
.........#....#....#...#
.........###..#....##+##
########## #..####...
..... #..... ........
.....


There were no monsters in sight!

Vanquished Creatures
  An ogre (D:4)
  3 adders
  2 leopard geckos
  A ball python (D:3)
  3 bats
  A giant cockroach (D:3)
  3 goblins
  3 hobgoblins (D:3)
  A quokka (D:4)
  3 frilled lizards
  2 kobolds (D:2)
  A rat (D:3)
24 creatures vanquished.

Notes
Turn   | Place    | Note
-------+----------+-------------------------------------------
     0 | D:1      | Amnesiac the Demonspawn Earth Elementalist began the quest for the Orb.
     0 | D:1      | Reached XP level 1. HP: 13/13 MP: 3/3
   173 | D:2      | Found a radiant altar of Vehumet.
   205 | D:2      | Reached skill level 3 in Earth Magic
   312 | D:1      | Gained mutation: You are partially covered in molten scales. (AC +2) [demonic ancestry]
   312 | D:1      | Reached XP level 2. HP: 19/19 MP: 5/5
   316 | D:1      | Learned a level 2 spell: Passwall
   859 | D:3      | Gained mutation: You are partially covered in sharp spines. [demonic ancestry]
   859 | D:3      | Reached XP level 3. HP: 6/24 MP: 0/6
  1145 | D:4      | Found Taevi's Armour Shop.
  1155 | D:4      | Noticed a scorpion
  1330 | D:4      | Learned a level 3 spell: Stone Arrow
  1333 | D:4      | Noticed an ogre
  1338 | D:4      | Killed an ogre
  1338 | D:4      | Reached skill level 4 in Earth Magic
  1338 | D:4      | Gained mutation: When hurt, damage is shared between your health and your magic reserves. [demonic ancestry]
  1338 | D:4      | Reached XP level 4. HP: 30/30 MP: 1/8
  1343 | D:4      | Gained mutation: You have sharp toenails. [demonic ancestry]
  1343 | D:4      | Reached XP level 5. HP: 32/35 MP: 1/9
  1344 | D:4      | Quit the game

Vault maps used:
D:1:      minmay_arrival_four_houses, xom_teletrap_fun
D:2:      nicolae_overflow_hidden_temple
D:3:      lemuel_upstairs_altar, uniq_natasha, uniq_ijyb
D:4:      serial_shops, nicolae_shop_waterfront, kennysheep_mini_moat,
          gammafunk_ghost_smash

Skill      XL: |  1  2  3 |
---------------+----------+-----
Earth Magic    | 3 4 |  4.5
Spellcasting   | 3 |  3.1
Dodging        | |  1.7
Stealth        | |  1.7
Transmutations | |  0.8

Action                   |  1- 3 |  4- 6 || total
-------------------------+-------+-------++-------
Melee: Unarmed           |    23 |       ||    23
       Short sword       |    45 |     4 ||    49
 Cast: Sandblast         |    25 |     2 ||    27
       Passwall          |     8 |       ||     8
 Stab: Sleeping          |     2 |       ||     2
  Eat: Chunk             |     2 |       ||     2
Armor: Robe              |    20 |       ||    20
Dodge: Dodged            |    52 |     4 ||    56
Block: Other             |     4 |     1 ||     5

Table legend:
 A = Spawn XP
 B = Non-spawn XP
 C = Spawn XP percentage of total XP
 D = Spawn monster count
 E = Non-spawn monster count
 F = Spawn count percentage of total count
 G = Total turns spent on level
                    A         B        C        D         E        F      G
               +---------+---------+-------+---------+---------+-------+---------
         Total |       0 |     197 |   0.0 |       0 |      24 |   0.0 |  1344
               +---------+---------+-------+---------+---------+-------+---------
           D:1 |       0 |       5 |   0.0 |       0 |       3 |   0.0 |   140
           D:2 |       0 |       8 |   0.0 |       0 |       5 |   0.0 |   510
           D:3 |       0 |      31 |   0.0 |       0 |      11 |   0.0 |   442
           D:4 |       0 |     153 |   0.0 |       0 |       5 |   0.0 |   252
               +---------+---------+-------+---------+---------+-------+---------
